AoeStats
← jantotu

Golden Pit

509724496Analyzed
1v1 RM · 5d ago on Sep 27, 2026· 39m 37s· 2 players
Game mode
Random Map
Map size
Tiny (2 player)
Population
200
Speed
Normal
Resources
Standard
Victory
Conquest
Starting age
Dark Age
Ending age
Imperial Age
RankedLock teamsTeams togetherTeam positionsShared explorationLock speedFull tech treeHidden civsTurbo modeCheats
Victory
Defeat
🇨🇭 Sicilians · Switzerland
1275
+16
🇦🇷 Italians · Argentina
1277
-22
jantotu
8:25 Loom
10:49 Feudal Age
12:54 Double-Bit Axe
17:46 Castle Age
15:42 Horse Collar
27:44 Wheelbarrow
29:46 Bow Saw
34:51 Imperial Age
33:56 Bloodlines
33:58 Scale Barding Armor
34:03 Forging
35:30 Hand Cart
37:25 Cavalier
39:21 Chain Barding Armor
39:37 Iron Casting
39:33 Fletching
Ipower
4:48 Loom
9:41 Feudal Age
12:57 Fletching
14:38 Town Watch
27:08 Castle Age
25:29 Scale Mail Armor
25:40 Forging
26:41 Double-Bit Axe
26:38 Horse Collar
27:35 Crossbowman
28:11 Bodkin Arrow
29:02 Padded Archer Armor
28:26 Pikeman
29:52 Scale Barding Armor
38:37 Imperial Age
37:15 Thumb Ring
37:28 Leather Archer Armor
39:44 Iron Casting
40:06 Ballistics
40:46 Chemistry
39:48 Bracer
Connection lost

Rejoining the realm…

Still unreachable

The connection could not be restored.

Session expired

The server has moved on; the page needs a fresh start.